 Dungeon Crawl Stone Soup version 0.29-a0-911-g88e6f02907 (webtiles) character file.

Game seed: 14844487947285696778

72608 enile the Thaumaturge (level 15, -22/145 (153) HPs)
             Began as a Formicid Earth Elementalist on July 25, 2022.
             Was an Initiate of Gozag.
             Annihilated by a reaper
             ... wielding a +0 scythe of freezing
              (26 damage)
             ... in an ice cave.
             The game lasted 00:53:40 (25721 turns).

enile the Thaumaturge (FoEE)                       Turns: 25721, Time: 00:53:41

HP:   -22/145 (153) AC: 34    Str: 14    XL:     15   Next: 86%
MP:   24/28         EV: 15    Int: 21    God:    Gozag
Gold: 4558          SH:  0    Dex: 14    Spells: 28/40 levels left

rFire   . . .      SeeInvis +   m - +4 arbalest (flame)
rCold   . . .      Faith    .   P - orb {light}
rNeg    + . .      Spirit   .   (body armour currently unavailable)
rPois   ∞          Reflect  .   (helmet unavailable)
rElec   +          Harm     .   z - +3 cloak "Ithrirok" {rPois}
rCorr   .          Rampage  .   (gloves currently unavailable)
Will    +....      Clarity  +   (boots currently unavailable)
Stlth   +.........              Q - amulet of the acrobat
HPRegen 0.34/turn               d - +4 ring of protection
MPRegen 0.21/turn               V - +4 ring of slaying

@: statue-form, glowing, drained, very slow
A: slow and powerful, torment resistance 1, boosted hp, permanent stasis, dig
shafts and tunnels, antennae 3, four strong arms, clarity, low MP 1, poison
resistance, no potion heal 1
a: Dig, End Transformation, Renounce Religion, Potion Petition, Call Merchant,
Bribe Branch


You were in an ice cave.
You worshipped Gozag.
Gozag was most pleased with you.
You were a living statue of rough stone.
You visited 4 branches of the dungeon, and saw 20 of its levels.
You also visited: Ossuary, Bailey and Ice Cave.

You collected 5152 gold pieces.
You paid 594 gold pieces to Gozag.

Inventory:

Hand Weapons
 h - a +2 sling of flaming
 m - a +4 arbalest of flaming (weapon)
 w - a +2 whip of flaming
 N - a +1 great sword of freezing
Missiles
 F - a boomerang of dispersal
 J - 2 curare-tipped darts (quivered)
 M - 3 throwing nets
Armour
 a - a +0 robe
 q - a +1 buckler
 z - the +3 cloak "Ithrirok" (worn) {rPois}
   (You found it on level 5 of the Dungeon)

   rPois:     It protects you from poison.
 B - a +2 robe of cold resistance (melded)
 P - an orb of light (worn)
 T - a +2 pair of gloves
 U - the +3 Mad Mage's Maulers (melded) {Infuse+∞ RegenMP Int-3}
   (You found it on level 4 of the Lair of Beasts)

   It empowers its wearer's blows with all of their magic.
   It causes its wearer's magical reserves to regenerate more quickly.
   Int:       It affects your intelligence (-3).
Magical Staves
 X - a staff of earth
Jewellery
 d - a +4 ring of protection (left fist)
 j - a ring of willpower
 n - a +4 ring of protection
 o - a ring of flight
 y - a ring of willpower
 A - a ring of ice
 C - a ring of ice
 Q - an amulet of the acrobat (around neck)
 R - a +6 ring of dexterity
 V - a +4 ring of slaying (right fist)
 W - a ring of ice
Wands
 g - a wand of digging (12)
 v - a wand of flame (25)
 G - a wand of charming (8)
Scrolls
 k - 7 scrolls of amnesia
 l - 5 scrolls of teleportation
 D - a scroll of acquirement
 K - 2 scrolls of fog
 L - 3 scrolls of enchant armour
 O - 8 scrolls of identify
Potions
 b - 4 potions of magic
 c - a potion of ambrosia
 e - 5 potions of lignification
 f - 20 potions of degeneration
 i - 7 potions of curing
 p - 5 potions of brilliance
 r - 2 potions of mutation
 s - 5 potions of attraction
 t - 5 potions of flight
 u - 7 potions of haste
 x - 3 potions of heal wounds
 E - 3 potions of might
 H - 2 potions of invisibility
 I - 4 potions of cancellation
 S - a potion of resistance


   Skills:
 + Level 11.0 Fighting
 - Level 5.0 Ranged Weapons
 - Level 5.2 Throwing
 - Level 3.0 Armour
 - Level 7.0 Dodging
 - Level 5.0 Stealth
 - Level 2.0 Shields
 - Level 13.0 Spellcasting
 - Level 12.0 Transmutations
 - Level 8.0 Ice Magic
 - Level 11.0 Earth Magic
 - Level 7.5 Invocations
 - Level 8.0 Evocations


You had 28 spell levels left.
You knew the following spells:

 Your Spells              Type           Power      Damage    Failure   Level
a - Sandblast             Erth           100%       2d20      1%          1
b - Frozen Ramparts       Ice            94%        1d11      1%          3
c - Statue Form           Tmut/Erth      38%        N/A       6%          6
d - Passwall              Tmut/Erth      48%        N/A       1%          2

Your spell library contained the following spells:

 Spells                   Type           Power      Damage    Failure   Level
 Freeze                   Ice            100%       1d11      1%          1
 Stone Arrow              Conj/Erth      72%        3d11      1%          3
 Petrify                  Tmut/Erth      58%        N/A       1%          4
 Blade Hands              Tmut           29%        N/A       1%          5
 Apportation              Tloc           26%        N/A       4%          1
 Foxfire                  Conj/Fire      52%        2x1d6     4%          1
 Magic Dart               Conj           52%        1d5       4%          1
 Necrotise                Necr           52%        1d6       4%          1
 Slow                     Hex            52%        N/A       4%          1
 Summon Small Mammal      Summ           52%        N/A       4%          1
 Searing Ray              Conj           26%        2d5       7%          2
 Hailstorm                Conj/Ice       30%        3d8       9%          4
 Confusing Touch          Hex            13%        N/A       14%         3
 Gell's Gravitas          Tloc           13%        N/A       14%         3
 Lesser Beckoning         Tloc           13%        N/A       14%         3
 Portal Projectile        Hex/Tloc       26%        N/A       14%         3
 Teleport Other           Tloc           13%        N/A       14%         3
 Tukima's Dance           Hex            13%        N/A       14%         3
 Vampiric Draining        Necr           13%        2d6       14%         3
 Metabolic Englaciation   Hex/Ice        15%        N/A       26%         5
 Freezing Cloud           Conj/Ice/Air   12%        6-21      41%         5
 Fulminant Prism          Conj/Hex       6%         3d7       43%         4
 Manifold Assault         Tloc           13%        N/A       78%         5
 Storm Form               Tmut/Air       19%        N/A       98%         7
 Polar Vortex             Ice            23%        N/A       100%        9
 Blink                    Tloc           Unusable   N/A       N/A         2
 Simulacrum               Ice/Necr       Unusable   N/A       N/A         6

Dungeon Overview and Level Annotations

Branches:
Dungeon (13/15)            Temple (1/1) D:4            Lair (5/5) D:10
  Swamp (0/4) Lair:3        Snake (0/4) Lair:3          Orc (1/2) D:11
 Vaults (0/5) D:13        Ossuary (visited)          Bailey (visited)
  IceCv (1/1)
  Slime: Lair:4-5

Altars:
Ashenzari
Cheibriados
Dithmenos
Elyvilon
Fedhas
Gozag
Hepliaklqana
Kikubaaqudgha
Makhleb
Nemelex Xobeh
Okawaru
Qazlal
Ru
Sif Muna
Trog
Uskayaw
Vehumet
Wu Jian
Xom
Yredelemnul
Zin
The Shining One
Jiyva

Shops:
D:1 (

Portals:
Trove: D:13 (give +4 shadow dragon scales)

Annotations:
D:3 2 transporters
D:6 1 runed translucent door, IdlyInterested's ghost, novice DsWn
Lair:5 exclusion: 2 oklob plants


Innate Abilities, Weirdness & Mutations

You are a living statue of rough stone.
Your actions are slow, but your melee attacks are powerful.
You are resistant to unholy torment.
Your maximum health is greatly increased.
Your equipment is partially melded.
You cannot be hasted, slowed, berserked, paralysed or teleported.
You can dig through walls and to a lower floor.
You have a pair of large antennae on your head. (SInv)
Your four strong arms can wield two-handed weapons with a shield.
You possess an exceptional clarity of mind.
Your magical capacity is low. (-10% MP)
Your system is resistant to poisons. (rPois)
Potions are less effective at restoring your health.


Message History

Aim: a reaper, wielding a +0 scythe of freezing, wearing a +2 robe of cold resistance and wearing a ring of protection from cold (heavily wounded, haloed, 83% to hit)
You shoot a bolt. The bolt hits the reaper!
The bolt burns the reaper.
The reaper is severely wounded.
The reaper hits you from afar with a +0 scythe of freezing!
The reaper freezes you! The reaper hits you but does no damage.
Fire: m) +4 arbalest (flame)
Press: ? - help, Shift-Dir - straight line, f/p - reaper
Aim: a reaper, wielding a +0 scythe of freezing, wearing a +2 robe of cold resistance and wearing a ring of protection from cold (severely wounded, haloed, 83% to hit)
You shoot a bolt.
The bolt hits the reaper but does no damage.
The reaper is severely wounded.
The reaper hits you but does no damage.
The reaper hits you from afar with a +0 scythe of freezing!
The reaper freezes you.
The reaper hits you from afar with a +0 scythe of freezing.
The reaper freezes you.
* * * LOW HITPOINT WARNING * * *
Press: ? - help, v - describe, . - travel
Here: a reaper, wielding a +0 scythe of freezing, wearing a +2 robe of cold resistance and wearing a ring of protection from cold (severely wounded, haloed)
The floor.
Unknown command.
Okay, then.
Your system partially rejects the healing.
You feel much better. The reaper hits you but does no damage.
Fire: m) +4 arbalest (flame)
Press: ? - help, Shift-Dir - straight line, f/p - reaper
Aim: a reaper, wielding a +0 scythe of freezing, wearing a +2 robe of cold resistance and wearing a ring of protection from cold (severely wounded, haloed, 83% to hit)
You shoot a bolt. The bolt hits the reaper!
The bolt burns the reaper.
The reaper is almost dead.
The reaper hits you from afar with a +0 scythe of freezing!
* * * LOW HITPOINT WARNING * * *
The reaper freezes you!
* * * LOW HITPOINT WARNING * * *
The reaper hits you from afar with a +0 scythe of freezing!
* * * LOW HITPOINT WARNING * * *
The reaper freezes you!
* * * LOW HITPOINT WARNING * * *
The reaper hits you from afar with a +0 scythe of freezing!!
You die...
Your body crumbles into a pile of gold.

#.###§§.....# #
####...#°§...
###....○..○.## {
#
##......####§☼##
#
##......○#.§§§§§.
...
##.......##§§§#§.
..
#.......##°§°☼§ {
##........§#☼#
##....8###☼☼# ###
###..#.2...#
...##
####.....#......
###......#
###.....# ###.###
{ ... ?## ##


You could see a reaper.

Vanquished Creatures
  Harold (Lair:1)
  Fannar (Lair:1)
  3 catoblepae (Lair:5)
  5 hydras
  A boulder beetle (D:13)
  3 two-headed ogres
  15 death yaks
  The ghost of nucleargodhead the Cleaver, a novice MiBe of Trog (D:7)
  3 orc knights (Bailey)
  2 oklob plants
  The ghost of Aurophilus the Thaumaturge, a novice DEFE of Vehumet (D:7)
  4 manticores
  9 elephants
  2 black mambas
  2 ice statues (IceCv)
  11 cane toads
  Joseph (D:7)
  6 komodo dragons
  7 ice devils (IceCv)
  2 rime drakes
  2 trolls
  A tyrant leech (Lair:3)
  4 polar bears
  22 blink frogs
  8 slime creatures
  4 shadows
  A vampire (D:11)
  A culicivora (shapeshifter) (D:13)
  A wraith (D:9)
  3 wyverns
  5 basilisks
  2 dire elephant simulacra (IceCv)
  66 yaks
  Grum (D:11)
  8 vampire mosquitoes
  A death yak simulacrum (IceCv)
  2 nagas (Lair:3)
  An acid dragon (D:12)
  Duvessa (D:7)
  13 water moccasins
  An ice beast (D:8)
  A sky beast (D:8)
  A black bear (D:8)
  8 orc warriors
  An ogre (Orc:1)
  32 wolves
  4 centaurs
  A phantom (D:6)
  3 kobold brigands
  Blork the orc (D:6)
  13 bullfrogs
  A wyvern zombie (D:7)
  A cane toad simulacrum (IceCv)
  5 scorpions
  4 wights
  5 two-headed ogre simulacra (IceCv)
  Dowan (D:7)
  21 killer bees
  2 howler monkeys (D:7)
  A bullfrog zombie (D:7)
  2 centaur zombies (Ossuary)
  4 hounds
  A human zombie (Ossuary)
  5 quasits (D:7)
  A gnoll bouda (D:4)
  2 jellies
  5 orc priests
  2 iguanas (D:4)
  7 orc wizards
  2 troll simulacra (IceCv)
  2 wolf simulacra (IceCv)
  4 mummies (Ossuary)
  9 adders
  4 gnolls (D:4)
  2 naga simulacra (IceCv)
  14 white imps
  2 ufetubi
  A worm (D:2)
  2 dart slugs
  56 orcs
  4 bats
  6 endoplasms
  5 giant cockroaches
  A gnoll zombie (Ossuary)
  4 hobgoblins
  9 jackals
  8 quokkas
  4 ball pythons
  3 frilled lizards
  8 goblins
  A goblin zombie (Ossuary)
  A hobgoblin zombie (Ossuary)
  14 kobolds
  2 orc zombies (Ossuary)
  3 rats
534 creatures vanquished.

Vanquished Creatures (collateral kills)
  A catoblepas (Lair:5)
  A slime creature (D:12)
  A cane toad (Lair:1)
  4 yaks (D:10)
  A floating eye (shapeshifter) (D:13)
  An orc warrior (Bailey)
  An orc wizard (D:7)
  An orc (Bailey)
11 creatures vanquished.

Vanquished Creatures (others)
  A kobold demonologist (D:11)
  A slime creature (D:13)
  A yak (D:8)
  A water moccasin (Lair:1)
  An orc warrior (Bailey)
  A killer bee (D:9)
  A bush (Lair:5)
  15 fungi
  37 plants
59 creatures vanquished.

Grand Total: 604 creatures vanquished

Notes
Turn   | Place    | Note
-------+----------+-------------------------------------------
     0 | D:1      | enile the Formicid Earth Elementalist began the quest for
                  | the Orb.
     0 | D:1      | Reached XP level 1. HP: 13/13 MP: 3/3
    43 | D:1      | Reached skill level 1 in Fighting
   134 | D:1      | Reached XP level 2. HP: 20/21 MP: 3/5
   326 | D:1      | Found Qupaodghue's Weapon Boutique.
   522 | D:1      | Found a faded altar of an unknown god.
   544 | D:1      | Reached XP level 3. HP: 24/28 MP: 3/6
   586 | D:1      | Got Plato's Lectures on the Summer
  1143 | D:1      | Prayed at the altar of an unknown god.
  1143 | D:1      | Became a worshipper of the Shining One
  1143 | D:1      | Reached * piety under the Shining One
  1388 | D:2      | Learned a level 2 spell: Passwall
  1560 | D:2      | Reached XP level 4. HP: 35/35 MP: 4/7
  1749 | D:2      | Reached skill level 3 in Spellcasting
  2160 | D:3      | Found a broken altar of Ashenzari.
  2353 | D:3      | Reached XP level 5. HP: 41/41 MP: 8/10
  2374 | D:3      | Reached skill level 4 in Spellcasting
  2488 | D:3      | Found a transporter.
  2491 | D:3      | Noticed a bullfrog
  2492 | D:3      | Found a transporter.
  2492 | D:3      | Noticed an ice beast
  2898 | D:4      | Reached skill level 1 in Ranged Weapons
  2898 | D:4      | Reached XP level 6. HP: 48/48 MP: 12/12
  2903 | D:4      | Found a staircase to the Ecumenical Temple.
  3204 | D:4      | Reached skill level 5 in Fighting
  3646 | D:5      | Entered Level 5 of the Dungeon
  3658 | D:5      | Reached XP level 7. HP: 56/56 MP: 13/13
  3676 | D:5      | Found a bloodstained altar of Trog.
  3907 | D:5      | Reached skill level 5 in Earth Magic
  4043 | D:5      | Reached ** piety under the Shining One
  4051 | D:5      | Reached skill level 1 in Shields
  4244 | D:5      | Identified the +3 cloak "Ithrirok" {rPois}
  4710 | D:6      | Reached skill level 1 in Throwing
  4716 | D:6      | Reached XP level 8. HP: 51/62 MP: 9/14
  4798 | D:6      | Noticed Blork the orc
  4804 | D:6      | Killed Blork the orc
  4852 | D:6      | Found the +13 scythe of Curses {drain, Drain}
  4945 | D:6      | Found a runed translucent door.
  4946 | D:6      | Noticed IdlyInterested's ghost (novice DsWn)
  5202 | D:7      | Found a sand-covered staircase.
  5205 | D:7      | Reached skill level 1 in Invocations
  5215 | Ossuary  | Entered an ossuary
  5314 | Ossuary  | Reached *** piety under the Shining One
  5488 | D:7      | Noticed nucleargodhead's ghost (novice MiBe)
  5491 | D:7      | Found a transporter.
  5565 | D:7      | Noticed Duvessa
  5679 | D:7      | Reached XP level 9. HP: 64/67 MP: 15/15
  5686 | D:7      | Reached skill level 5 in Invocations
  5742 | D:7      | Found a transporter.
  5746 | D:7      | Noticed Dowan
  5756 | D:7      | Killed Duvessa
  5757 | D:7      | Reached skill level 5 in Spellcasting
  5758 | D:7      | Killed Dowan
  5791 | D:7      | Reached skill level 6 in Spellcasting
  5858 | D:7      | Noticed Joseph
  5861 | D:7      | Identified a scroll of acquirement
  5891 | D:8      | Found a snail-covered altar of Cheibriados.
  5892 | D:8      | Reached skill level 7 in Spellcasting
  5905 | D:8      | Was placed under penance by the Shining One
  5907 | D:8      | Found a blossoming altar of Fedhas.
  5912 | D:8      | Reached XP level 10. HP: 20/79 MP: 13/20
  5916 | D:8      | Reached skill level 5 in Stealth
  6096 | D:8      | Identified the +3 leather armour of Ufewil {Str+3}
  6362 | D:7      | Killed Joseph
  6363 | D:7      | Reached skill level 1 in Armour
  6638 | D:7      | Found a runed translucent gate.
  6639 | D:7      | Found a runed translucent gate.
  6815 | D:7      | Noticed Aurophilus's ghost (novice DEFE)
  6816 | D:7      | Found a runed translucent gate.
  6894 | D:7      | Found a basalt altar of Yredelemnul.
  7067 | Temple   | Entered the Ecumenical Temple
  7183 | Temple   | Fell from the grace of the Shining One
  7183 | Temple   | Became a worshipper of Gozag Ym Sagoz the Greedy
  7296 | D:8      | Found an ancient bone altar of Kikubaaqudgha.
  7381 | D:8      | Reached skill level 5 in Ranged Weapons
  7768 | D:9      | Noticed a two-headed ogre
  7832 | D:9      | Killed a two-headed ogre
  7833 | D:9      | Reached skill level 8 in Spellcasting
  7833 | D:9      | Reached skill level 1 in Ice Magic
  8079 | D:9      | Reached XP level 11. HP: 77/84 MP: 23/23
  8700 | D:10     | Entered Level 10 of the Dungeon
  8824 | D:10     | Found a staircase to the Lair.
  8827 | D:10     | Noticed an oklob plant
  8924 | D:10     | Found a hazy altar of Hepliaklqana.
  9103 | D:10     | Found a flagged portal.
  9110 | Bailey   | Entered a bailey
  9379 | Bailey   | Noticed an orc knight
  9417 | Bailey   | Noticed an orc knight
  9426 | Bailey   | Killed an orc knight
  9427 | Bailey   | Reached skill level 5 in Transmutations
  9434 | Bailey   | Killed an orc knight
  9596 | Bailey   | Noticed an orc knight
  9618 | Bailey   | Killed an orc knight
  9868 | D:10     | Noticed a two-headed ogre
 10938 | D:11     | Noticed a sun demon
 11043 | D:11     | Noticed Grum
 11053 | D:11     | Reached skill level 5 in Throwing
 11053 | D:11     | Reached skill level 5 in Dodging
 11053 | D:11     | Reached XP level 12. HP: 50/91 MP: 24/24
 11063 | D:11     | Gained mutation: You possess an exceptional clarity of
                  | mind. [potion of mutation]
 11063 | D:11     | Gained mutation: You occasionally lose the ability to drink
                  | potions when taking damage. [potion of mutation]
 11063 | D:11     | Gained mutation: You are frail. (-10% HP) [potion of
                  | mutation]
 11064 | D:11     | Lost mutation: You are frail. (-10% HP) [potion of
                  | mutation]
 11064 | D:11     | Lost mutation: You possess an exceptional clarity of mind.
                  | [potion of mutation]
 11064 | D:11     | Lost mutation: You occasionally lose the ability to drink
                  | potions when taking damage. [potion of mutation]
 11064 | D:11     | Gained mutation: Your system is resistant to poisons.
                  | (rPois) [potion of mutation]
 11064 | D:11     | Gained mutation: Your muscles are strong. (Str +4, Int/Dex
                  | -1) [potion of mutation]
 11072 | D:11     | Killed Grum
 11410 | D:11     | Noticed a two-headed ogre
 11428 | D:11     | Killed a two-headed ogre
 11799 | D:11     | Noticed a seven-headed hydra
 11803 | D:11     | Killed a seven-headed hydra
 11898 | D:11     | Found a staircase to the Orcish Mines.
 11933 | D:11     | Reached XP level 13. HP: 86/98 MP: 25/25
 12180 | Lair:1   | Entered Level 1 of the Lair of Beasts
 12630 | Lair:1   | Noticed Fannar
 12644 | Lair:1   | Killed Fannar
 12853 | Lair:1   | Noticed Harold
 12860 | Lair:1   | Reached skill level 10 in Fighting
 12872 | Lair:1   | Killed Harold
 13199 | Lair:1   | Learned a level 6 spell: Statue Form
 13315 | Lair:1   | Reached skill level 10 in Transmutations
 13681 | Lair:1   | Gained mutation: Your magical capacity is low. (-10% MP)
                  | [mutagenic glow]
 13691 | Lair:1   | Gained mutation: Potions are less effective at restoring
                  | your health. [mutagenic glow]
 13701 | Lair:1   | Gained mutation: You are frail. (-10% HP) [mutagenic glow]
 14357 | Lair:1   | Learned a level 3 spell: Frozen Ramparts
 14862 | Lair:2   | Noticed a six-headed hydra
 15152 | Lair:2   | Noticed a four-headed hydra
 15160 | Lair:2   | Reached skill level 5 in Ice Magic
 15164 | Lair:2   | Killed a four-headed hydra
 15178 | Lair:2   | Killed a six-headed hydra
 15468 | Lair:2   | Noticed a four-headed hydra
 15500 | Lair:2   | Killed a four-headed hydra
 15501 | Lair:2   | Reached XP level 14. HP: 99/99 MP: 15/23
 16211 | Lair:3   | Found a staircase to the Snake Pit.
 16925 | Lair:3   | Reached skill level 9 in Spellcasting
 17197 | Lair:3   | Found a staircase to the Swamp.
 17665 | Lair:4   | Found the +3 Mad Mage's Maulers {Infuse+∞ RegenMP Int-3}
 17691 | Lair:4   | You fall into a shaft and drop 1 floor!
 17691 | Lair:5   | Entered Level 5 of the Lair of Beasts
 17701 | Lair:5   | Reached skill level 10 in Spellcasting
 18034 | Lair:5   | Lost mutation: Your muscles are strong. (Str +4, Int/Dex
                  | -1) [potion of mutation]
 18034 | Lair:5   | Lost mutation: You are frail. (-10% HP) [potion of
                  | mutation]
 18034 | Lair:5   | Lost mutation: Your system is resistant to poisons. (rPois)
                  | [potion of mutation]
 18034 | Lair:5   | Gained mutation: You possess an exceptional clarity of
                  | mind. [potion of mutation]
 18034 | Lair:5   | Gained mutation: Your system is resistant to poisons.
                  | (rPois) [potion of mutation]
 18853 | Lair:5   | Reached skill level 10 in Earth Magic
 18856 | Lair:5   | Reached XP level 15. HP: 115/115 MP: 24/26
 20207 | Lair:5   | Reached skill level 11 in Spellcasting
 20826 | Lair:5   | Found a viscous altar of Jiyva.
 21886 | D:10     | Reached skill level 12 in Spellcasting
 22857 | D:13     | Found a portal to a secret trove of treasure.
 23429 | D:7      | Killed nucleargodhead's ghost
 23430 | D:7      | Reached skill level 13 in Spellcasting
 23511 | D:7      | Killed Aurophilus's ghost
 24099 | D:13     | Found a gate to the Vaults.
 24099 | D:13     | Noticed an ironbound preserver
 24326 | Orc:1    | Entered Level 1 of the Orcish Mines
 24326 | Orc:1    | Found a frozen archway.
 24543 | IceCv    | Entered an ice cave
 25704 | IceCv    | Noticed a reaper
 25721 | IceCv    | HP: 4/145 [reaper/+0 scythe of freezing (7)]
 25721 | IceCv    | Annihilated by a reaper

Illustrated notes

Levels and vault maps discovered:
D:1:      dpeg_arrival_tiny_c, layout_basic, serial_shops,
          nicolae_shop_statue_plus, shapermc_ecumenical_altar_rom_forum,
          chequers_mini_garden
D:2:      layout_basic, minmay_3d_cube
D:3:      layout_rooms, gammafunk_temple_overflow_arena
D:4:      layout_basic, minmay_temple_entry_slanted,
          chequers_serial_rivers_large_a, kennysheep_nondescript
D:5:      layout_loops_ring, mainiacjoe_overflow_six_doors_small,
          grunt_decor_mini_mirrors, kennysheep_decorative_pillar
D:6:      layout_cave_pools, gammafunk_ghost_grave, uniq_blork_the_orc
D:7:      layout_rooms, nicolae_yredelemnul_ghost_church,
          gammafunk_ghost_stat_death, enter_ossuary_1, uniq_joseph, uniq_duvessa
D:8:      layout_rooms, old_standard_altar,
          grunt_temple_overflow_growth_and_decay
D:9:      layout_loops_ring
D:10:     layout_loops_cross, mainiacjoe_overflow_24_doors, dpeg_oklobed_lair,
          enter_bailey_2
D:11:     layout_basic, hiddenorc1_lemuel, serial_glass, glass_columns_a,
          glass_columns_b, glass_columns_c, glass_columns_a,
          hangedman_abyss_or_decor_passed, uniq_grum
D:12:     layout_gridville
D:13:     layout_grid_maze, skrybe_vaults_entry_preservation, enter_trove_0
Temple:   eino_wide_crystal_templ
Lair:1:   layout_chaotic_city, uniq_harold, uniq_fannar
Lair:2:   layout_long_grid
Lair:3:   layout_cave_shapes, minmay_swamp_entry_worms,
          guppyfry_snake_entry_garden, grunt_forest_small_clearing_treed,
          lemuel_fruit_fields
Lair:4:   layout_roguey
Lair:5:   evilmike_catoblepas_cave, layout_hall_layers,
          minmay_slime_entry_oklob_enclosed, grunt_megastairs_2
Orc:1:    layout_caves, portal_ice_cave_entry_imps, mines5_lemuel
IceCv:    ice_cave_small_demon

Skill      XL: |  1  2  3  4  5  6  7  8  9 10 11 12 13 14 15 |
---------------+----------------------------------------------+-----
Fighting       | 1 2 3 4 5 7 8 10 11 | 11.0
Dodging        | 2 3 5 7 |  7.0
Stealth        | 3 4 5 |  5.0
Spellcasting   | 3 4 7 8 10 13 | 13.0
Ranged Weapons | 1 2 3 5 |  5.0
Earth Magic    | 4 5 6 8 10 11 | 11.0
Shields        | 2 |  2.0
Throwing       | 2 3 5 |  5.2
Evocations     | 4 6 8 |  8.0
Invocations    | 4 5 7 |  7.5
Armour         | 3 |  3.0
Ice Magic      | 3 4 7 8 |  8.0
Transmutations | 9 11 12 | 12.0

Action                   |  1- 3 |  4- 6 |  7- 9 | 10-12 | 13-15 || total
-------------------------+-------+-------+-------+-------+-------++-------
Melee: Arbalest          |       |       |       |     1 |       ||     1
 Fire: Sling             |       |    18 |       |       |       ||    18
       Arbalest          |       |    48 |   143 |   323 |   936 ||  1450
Throw: Dart              |       |       |     2 |    13 |     8 ||    23
 Cast: Sandblast         |    55 |    32 |    14 |    11 |       ||   112
       Passwall          |       |     1 |       |       |       ||     1
       Frozen Ramparts   |       |       |       |       |    57 ||    57
       Statue Form       |       |       |       |       |    47 ||    47
Invok: Divine Shield     |       |       |     1 |       |       ||     1
       Cleansing Flame   |       |       |     1 |       |       ||     1
       Potion Petition   |       |       |       |       |     1 ||     1
 Abil: Dig               |       |       |     1 |     1 |    11 ||    13
Evoke: Wand              |       |       |     7 |     9 |    13 ||    29
  Use: Scroll            |     5 |     3 |    11 |    10 |    12 ||    41
       Potion            |       |       |     2 |     7 |     8 ||    17
Armor: Robe              |     5 |    31 |    45 |   114 |   251 ||   446
       Skin              |       |       |       |       |   555 ||   555
Dodge: Dodged            |    22 |    44 |    59 |   170 |   986 ||  1281
Block: Buckler           |       |    14 |    34 |    91 |   106 ||   245

Table legend: (Time is in decaauts)
 A = Elapsed time spent in this place.
 B = Non-inter-level travel time spent in this place.
 C = Inter-level travel time spent in this place.
 D = Time resting spent in this place.
 E = Time spent auto-exploring this place.
 F = Levels seen in this place.
 G = Mean time per level.
                   A        B        C        D        E       F      G
               +--------+--------+--------+--------+--------+-----+--------+
         Total |  27791 |  26063 |   1728 |   1518 |  19210 |  23 | 1208.3 |
       Dungeon |  14416 |  13003 |   1413 |    633 |   9826 |  13 | 1108.9 |
        Temple |    121 |     97 |     24 |      0 |     28 |   1 |  121.0 |
          Lair |  10828 |  10539 |    289 |    700 |   7709 |   5 | 2165.6 |
  Orcish Mines |     43 |     43 |      0 |      0 |      0 |   1 |   43.0 |
       Ossuary |    287 |    287 |      0 |      9 |    170 |   1 |  287.0 |
        Bailey |    795 |    795 |      0 |      0 |    620 |   1 |  795.0 |
      Ice Cave |   1298 |   1298 |      0 |    176 |    856 |   1 | 1298.0 |
               +--------+--------+--------+--------+--------+-----+--------+

Top non-repeatable levels by time:
  Lair:5: 3293 daAuts
  Lair:1: 2499 daAuts
  Lair:2: 1873 daAuts
  Lair:4: 1749 daAuts
    D:11: 1644 daAuts
    D:10: 1602 daAuts
  Lair:3: 1412 daAuts
     D:7: 1398 daAuts
   IceCv: 1298 daAuts
     D:1: 1198 daAuts
    D:13: 1119 daAuts
     D:9: 1092 daAuts
     D:5: 1075 daAuts
     D:2: 1071 daAuts
     D:8: 1018 daAuts
